 Dungeon Sprint DCSS version 0.31-a0-876-gfe8ebadbca (webtiles) character file.

Game seed: 959629073312572910

596 rocky1 the Nimble (level 7, -3/54 HPs)
             Began as a Djinni Gladiator on Oct 14, 2023.
             Slain by a water moccasin (7 damage)
             ... in the Dungeon (Sprint II: "The Violet Keep of Menkaure").
             The game lasted 00:00:43 (96 turns).

rocky1 the Nimble (Djinni Gladiator)                  Turns: 96, Time: 00:00:44

Health: -3/54      AC:  4    Str: 13    XL:     7   Next: 67%
Gold:   243        EV: 17    Int: 10    God:
                   SH:  0    Dex: 16

rFire   + + .        a - +0 long sword
rCold   x . .        (no shield)
rNeg    . . .        b - +0 leather armour
rPois   ∞            c - +0 helmet
rElec   .            (no cloak)
rCorr   .            (no gloves)
SInv    .            (boots unavailable)
Will    .....        (no amulet)
Stlth   +            (no ring)
HPRegen 0.29/turn    (no ring)
MPRegen 0.00/turn

%: no teleportation, random rage (3%), infuse magic (-4 HP)
@: flying
A: sickness immunity, fire resistance 2, cold vulnerability 1, float, innate
caster, HP casting, extra vitality 1, berserk 1, subdued magic 1, inability to
read after injury 1
a: no special abilities


You were in the Dungeon.
You visited 1 branch You collected 243 gold pieces.

Inventory:

Hand Weapons
 a - a +0 long sword (weapon)
Missiles
 d - 3 throwing nets (quivered)
 e - a javelin
Armour
 b - a +0 leather armour (worn)
 c - a +0 helmet (worn)
Scrolls
 j - a scroll of blinking
Potions
 f - a potion of curing
 g - a potion of heal wounds


   Skills:
 + Level 5.3 Fighting
 + Level 9.7 Long Blades
 + Level 4.1 Throwing
 + Level 2.2 Armour
 + Level 10.8 Dodging


You knew the following spells:

 Your Spells              Type           Power      Damage    Failure   Level
a - Sandblast             Erth           0%         2d4       38%         1
b - Momentum Strike       Conj/Tloc      0%         3d8       54%         2
c - Ignite Poison         Fire/Tmut/Pois 0%         N/A       78%         3
Your spell library was empty.

Dungeon Overview and Level Annotations

Branches:
Dungeon (1/1)

Altars:
Cheibriados
Dithmenos
Elyvilon
Fedhas
Gozag
Hepliaklqana
Makhleb
Nemelex Xobeh
Okawaru
Qazlal
Ru
Trog
Uskayaw
Wu Jian
Xom
Yredelemnul
Zin
The Shining One
Jiyva
Lugonu

Annotations:
D exclusion: orange crystal statue


Innate Abilities, Weirdness & Mutations

You are immune to sickness and miasma.
You are immune to poison.
Your flesh is very heat resistant. (rF++)
You are vulnerable to cold. (rC-)
You float through the air rather than walking.
You learn spells naturally, not from books.
Your magical power is your life essence.
You have superior vitality. (+4 MHP)
You sometimes lose your temper in combat.
Your spells are a little easier to cast, but a little less powerful.
You occasionally lose the ability to read scrolls when taking damage.


Message History

The water moccasin completely misses you.
You barely miss the water moccasin.
The flying skull gives a hideous shriek!
The water moccasin misses you.
You miss the water moccasin. The water moccasin barely misses you.
You slash the water moccasin!
The water moccasin is heavily wounded.
The water moccasin bites you but does no damage.
The water moccasin barely misses you.
You barely miss the water moccasin.
The water moccasin is heavily wounded.
The water moccasin barely misses you.
You closely miss the water moccasin.
The water moccasin is heavily wounded.
The water moccasin misses you.
You closely miss the water moccasin.
The water moccasin is heavily wounded.
The water moccasin bites you but does no damage.
The water moccasin barely misses you.
You closely miss the water moccasin.
The water moccasin is heavily wounded.
The water moccasin bites you.
You slash the water moccasin!
The water moccasin is severely wounded.
The water moccasin bites you!
You miss the water moccasin.
The water moccasin is severely wounded.
The water moccasin misses you. The water moccasin bites you!
* * * LOW HITPOINT WARNING * * *
You miss the water moccasin.
The water moccasin is severely wounded.
The water moccasin misses you.
You closely miss the water moccasin.
The water moccasin is severely wounded.
The water moccasin bites you!
* * * LOW HITPOINT WARNING * * *
You hit the water moccasin but do no damage.
The water moccasin is severely wounded.
The water moccasin bites you!
You die...

.+ +..####..### ▓([[$)
## #....###...##▓▓▓▓▓▓
## ##......~~~~~~~~~~~~
.####~~.....~#'########+
#.#~~~~~~~..~#....._..#§
.##~~~~~§~~.~#...._._.#~
##~~~≈§≈~~§§§#..._._._#§
~~~~§§≈≈≈§~~~#..S._._.#§
+++#~≈≈≈≈≈§§~#._@_._._#~
§ ##≈§§###§§#_._._._.#§
≈ ##≈≈# #§§#._._._._#§
§§ +≈≈# #≈≈#_._._...#~ §
#≈≈§≈§§≈##########~ §
#########~~~~~~~~~≈
...z○.z###~########≈
°zz##~


You could see a water moccasin and 3 flying skulls.

Vanquished Creatures
  4 neqoxecs (D)
  Menkaure (D)
5 creatures vanquished.

Notes
Turn   | Place    | Note
-------+----------+-------------------------------------------
     0 | D        | rocky1 the Djinni Gladiator began the quest for the Orb.
     0 | D        | Reached XP level 1. HP: 18/18 MP: 0/0
     1 | D        | Noticed a boulder beetle
     1 | D        | Noticed a boulder beetle
     5 | D        | Noticed a neqoxec
     5 | D        | Noticed a neqoxec
     5 | D        | Noticed a neqoxec
     5 | D        | Noticed a neqoxec
    12 | D        | Killed a neqoxec
    13 | D        | Reached skill level 7 in Dodging
    13 | D        | Reached XP level 2. HP: 25/25 MP: 0/0
    13 | D        | Reached XP level 3. HP: 30/30 MP: 0/0
    13 | D        | Learned a level 1 spell: Sandblast
    13 | D        | Reached XP level 4. HP: 36/36 MP: 0/0
    13 | D        | Reached XP level 5. HP: 40/40 MP: 0/0
    13 | D        | Learned a level 2 spell: Momentum Strike
    14 | D        | Gained mutation: You occasionally lose the ability to read
                  | scrolls when taking damage. [a neqoxec]
    16 | D        | Killed a neqoxec
    17 | D        | Reached skill level 1 in Armour
    17 | D        | Reached skill level 8 in Dodging
    17 | D        | Reached XP level 6. HP: 44/47 MP: 0/0
    26 | D        | Killed a neqoxec
    27 | D        | Reached skill level 9 in Dodging
    27 | D        | Reached XP level 7. HP: 41/53 MP: 0/0
    27 | D        | Learned a level 3 spell: Ignite Poison
    29 | D        | Gained mutation: You sometimes lose your temper in combat.
                  | [a neqoxec]
    39 | D        | Gained mutation: Your spells are a little easier to cast,
                  | but a little less powerful. [a neqoxec]
    41 | D        | Killed a neqoxec
    42 | D        | Reached skill level 5 in Fighting
    42 | D        | Reached skill level 10 in Dodging
    47 | D        | Noticed an orange crystal statue
    48 | D        | Noticed Menkaure
    56 | D        | Killed Menkaure
    62 | D        | Noticed a flying skull
    63 | D        | Found an opulent altar of Gozag.
    63 | D        | Found an iron altar of Okawaru.
    64 | D        | Found a blossoming altar of Fedhas.
    64 | D        | Found a sparkling altar of Nemelex Xobeh.
    65 | D        | Found a white marble altar of Elyvilon.
    65 | D        | Found a burning altar of Makhleb.
    66 | D        | Found a corrupted altar of Lugonu.
    66 | D        | Found a shadowy altar of Dithmenos.
    66 | D        | Found a hide-covered altar of Uskayaw.
    67 | D        | Found a bloodstained altar of Trog.
    67 | D        | Found a snail-covered altar of Cheibriados.
    67 | D        | Found a glowing silver altar of Zin.
    68 | D        | Found a viscous altar of Jiyva.
    68 | D        | Found a basalt altar of Yredelemnul.
    74 | D        | Found a hazy altar of Hepliaklqana.
    74 | D        | Found a sacrificial altar of Ru.
    75 | D        | Found a stormy altar of Qazlal.
    75 | D        | Found an ornate altar of the Wu Jian Council.
    75 | D        | Found a shimmering altar of Xom.
    77 | D        | Found a glowing golden altar of the Shining One.
    77 | D        | Noticed a water moccasin
    84 | D        | Noticed a flying skull
    84 | D        | Noticed a flying skull
    86 | D        | Noticed a flying skull
    96 | D        | Slain by a water moccasin

Illustrated notes

Levels and vault maps discovered:
D:        the_violet_keep_of_menkaure [sprint2_stairs_cluster_1,
          sprint2_shoproom, sprint2_temple, sprint2_basic_supplies,
          sprint2_obstacle_4, sprint2_obstacle_1, sprint2_obstacle_6,
          sprint2_obstacle_2, sprint2_obstacle_3, sprint2_timed_cluster_1,
          sprint2_smallroom_cluster_1, sprint2_smallroom_final_cluster_1,
          sprint2_transparent_cluster_1, sprint2_second_timed_cluster_1,
          sprint2_sniper_area_1, sprint2_heavy_combat_area_1,
          sprint2_mutation_trap_area_1, sprint2_forest_area_1,
          sprint2_light_combat_area_1, sprint2_behind_water_1,
          sprint2_near_end_vault_1]

Skill      XL: |  1  2  3  4  5  6  7 |
---------------+----------------------+-----
Fighting       | 3 4 5 |  5.3
Long Blades    | 6 7 8 9 |  9.7
Throwing       | 2 3 4 |  4.1
Dodging        | 7 8 9 10 | 10.8
Armour         | 1 2 |  2.2

Action                     |  1- 3 |  4- 6 |  7- 9 || total
---------------------------+-------+-------+-------++-------
  Melee: Long sword        |     5 |    13 |    30 ||    48
         Punch             |       |     1 |     1 ||     2
  Throw: Throwing net      |       |       |     3 ||     3
    Use: Potion            |     2 |       |       ||     2
 Armour: Leather armour    |     2 |     6 |    11 ||    19
  Dodge: Dodged            |     2 |     1 |    17 ||    20

Table legend: (Time is in decaauts)
 A = Elapsed time spent in this place.
 B = Non-inter-level travel time spent in this place.
 C = Inter-level travel time spent in this place.
 D = Time resting spent in this place.
 E = Time spent auto-exploring this place.
 F = Levels seen in this place.
 G = Mean time per level.
                   A        B        C        D        E       F      G
               +--------+--------+--------+--------+--------+-----+--------+
         Total |     88 |     88 |      0 |      0 |      0 |   1 |   88.0 |
       Dungeon |     88 |     88 |      0 |      0 |      0 |   1 |   88.0 |
               +--------+--------+--------+--------+--------+-----+--------+

Top non-repeatable levels by time:
       D: 88 daAuts
